 Dungeon Crawl Stone Soup version 0.29-a0-214-g17f627cfee (webtiles) character file.

Game seed: 16532407931154259244

72 siradein the Grave Robber (level 4, -4/24 HPs)
             Began as a Vampire Necromancer on Feb 25, 2022.
             Slain by a black bear (6 damage)
             ... on level 4 of the Dungeon.
             The game lasted 00:07:29 (2691 turns).

siradein the Grave Robber (Vampire Necromancer)     Turns: 2691, Time: 00:07:30

Health: -4/24      AC:  2    Str: 10    XL:     4   Next: 6%
Magic:  0/8        EV: 13    Int: 19    God:
Gold:   176        SH:  0    Dex: 16    Spells: 3/8 levels left

rFire   . . .      SeeInvis +   k - +1 hand axe "Xall" {freeze, rCorr Str+3 Dex+2}
rCold   + + .      Faith    .   (no shield)
rNeg    + + +      Spirit   .   a - +0 robe
rPois   ∞          Reflect  .   (no helmet)
rElec   .          Harm     .   (no cloak)
rCorr   +          Rampage  .   (no gloves)
Will    .....                   (no boots)
Stlth   +++++.....              (no amulet)
HPRegen 0.00/turn               (no ring)
MPRegen 0.11/turn               (no ring)

@: very slightly contaminated, bloodless, inhibited regen
A: bloodless, fangs 3, see invisible, vampiric 2
a: Bat Form, Revivify


You were on level 4 of the Dungeon.
You visited 1 branch of the dungeon, and saw 4 of its levels.

You collected 176 gold pieces.

Inventory:

Hand Weapons
 e - a +0 dagger
 k - the +1 hand axe "Xall" (weapon) {freeze, rCorr Str+3 Dex+2}
   (You found it on level 2 of the Dungeon)

   It freezes those it strikes, dealing additional cold damage.
   It can also slow down cold-blooded creatures.
   Str:       It affects your strength (+3).
   Dex:       It affects your dexterity (+2).
   rCorr:     It protects you from acid and corrosion.
Missiles
 w - 6 poisoned darts
Armour
 a - a +0 robe (worn)
Wands
 s - a wand of paralysis (10)
Scrolls
 b - a scroll of fog {unknown}
 c - a scroll of identify {unknown}
 h - a scroll of magic mapping {unknown}
 i - a scroll of amnesia {unknown}
 j - a scroll of enchant armour {unknown}
 l - a scroll of holy word {unknown}
 m - a scroll of torment {unknown}
 o - a scroll of summoning {unknown}
 p - a scroll of blinking {unknown}
 q - a scroll of vulnerability {unknown}
 r - a scroll of teleportation {unknown}
 t - a scroll of enchant weapon {unknown}
 u - a scroll of immolation {unknown}
 y - a scroll of noise {unknown}
Potions
 d - 3 potions of invisibility {unknown}
 f - 2 potions of heal wounds {unknown}
 g - a potion of curing {unknown}
 n - 2 potions of brilliance {unknown}
 v - 2 potions of degeneration {unknown}
 x - 2 potions of lignification {unknown}
 z - a potion of mutation {unknown}


   Skills:
 + Level 0.9 Short Blades
 + Level 3.2 Dodging
 + Level 3.5 Stealth
 + Level 2.6 Spellcasting
 + Level 4.8 Necromancy


You had 3 spell levels left.
You knew the following spells:

 Your Spells              Type           Power      Damage    Failure   Level
a - Pain                  Necr           84%        1d8       2%          1
b - Animate Skeleton      Necr           42%        N/A       2%          1
c - Vampiric Draining     Necr           21%        2d7       6%          3

Your spell library contained the following spells:

 Spells                   Type           Power      Damage    Failure   Level
 Freeze                   Ice            8%         1d3       16%         1
 Frozen Ramparts          Ice            4%         1d2       43%         3
 Animate Dead             Necr           10%        N/A       22%         4
 Agony                    Necr           21%        N/A       52%         5
 Hailstorm                Conj/Ice       2%         3d3       83%         4


Dungeon Overview and Level Annotations

Branches:
Dungeon (4/15)
 Temple: D:4-7

Altars:
The Shining One


Innate Abilities, Weirdness & Mutations

You do not regenerate when monsters are visible.
You are frail without blood (-20% HP).
You can heal yourself when you bite living creatures.
You are immune to poison.
You have razor-sharp teeth.
You have supernaturally acute eyesight. (SInv)
You are afflicted with vampirism and can become a bat while bloodless.


Message History

A black bear is nearby!
A black bear is nearby!
A black bear is nearby!
A black bear is nearby!
The black bear growls angrily.
The black bear writhes in agony.
A giant cockroach comes into view.
You can't see any susceptible monsters within range! (Use Z to cast anyway.)
The black bear writhes in agony.
The black bear writhes in agony.
The black bear barely resists.
The black bear writhes in agony.
You hit the black bear. You freeze the black bear.
The black bear is heavily wounded.
The black bear closely misses you. The black bear misses you.
The black bear claws you.
You miscast Pain.
You are very lightly contaminated with residual magic.
Nothing appears to happen.
The black bear barely misses you.
The black bear claws you but does no damage.
The black bear closely misses you.
The black bear writhes in agony!
The black bear goes berserk!
The black bear writhes in agony!
The black bear misses you. The black bear barely misses you.
The black bear completely misses you. The black bear closely misses you.
The black bear claws you. The black bear barely misses you.
The black bear barely resists.
The black bear bites you!
* * * LOW HITPOINT WARNING * * *
The black bear closely misses you. The black bear misses you.
You are too injured to fight recklessly!
You are too injured to fight recklessly!
You are too injured to fight recklessly!
You are too injured to fight recklessly!
You barely miss the black bear.
The black bear is almost dead.
The black bear misses you. The black bear claws you.
* * * LOW HITPOINT WARNING * * *
The black bear barely misses you. The black bear misses you.
The black bear claws you.
You die...

#####.......#.
##.#.#.........
##......<.....#
#.....##.....##
#.######.####.# #
#..### #.# .#
##..#.###.# .##
#......#..### ...#.
###...@hB...#......
#######..........
#.##....... ###
......) .......
....... .###### ..
..


You could see a black bear (berserk) and a giant cockroach.

Vanquished Creatures
  An adder (D:2)
  6 dart slugs (D:3)
  3 orcs (D:3)
  5 bats
  An endoplasm (D:3)
  4 giant cockroaches
  4 goblins
  3 hobgoblins (D:1)
  2 jackals (D:2)
  A quokka (D:2)
  5 ball pythons
  A frilled lizard (D:2)
  7 kobolds
  A rat (D:1)
44 creatures vanquished.

Vanquished Creatures (others)
  A fungus (D:2)
  A plant (D:2)
2 creatures vanquished.

Grand Total: 46 creatures vanquished

Notes
Turn   | Place    | Note
-------+----------+-------------------------------------------
     0 | D:1      | siradein the Vampire Necromancer began the quest for the
                  | Orb.
     0 | D:1      | Reached XP level 1. HP: 13/13 MP: 3/3
   302 | D:1      | Reached XP level 2. HP: 15/15 MP: 3/5
   354 | D:1      | Learned a level 1 spell: Animate Skeleton
  1069 | D:2      | Identified the +1 hand axe "Xall" {freeze, rCorr Str+3
                  | Dex+2}
  1094 | D:2      | Gained mutation: You are afflicted with vampirism and can
                  | become a bat while bloodless. [Vampire growth]
  1094 | D:2      | Reached XP level 3. HP: 19/19 MP: 1/6
  1358 | D:2      | Found a faded altar of an unknown god.
  1638 | D:2      | Learned a level 3 spell: Vampiric Draining
  2132 | D:3      | Reached XP level 4. HP: 18/24 MP: 6/8
  2675 | D:4      | Noticed a black bear
  2691 | D:4      | Slain by a black bear

Illustrated notes

Levels and vault maps discovered:
D:1:      grunt_arrival_crossed_arrows, layout_rooms, serial_glass,
          glass_columns_c, glass_columns_b, glass_columns_a, glass_columns_a,
          minmay_tromino_v7
D:2:      layout_rooms, shapermc_ecumenical_altar_acropolis, basic_altar
D:3:      kennysheep_slugbush, layout_basic
D:4:      layout_cave_pools, kennysheep_generic_room_8

Skill      XL: |  1  2  3 |
---------------+----------+-----
Dodging        | 3 |  3.2
Short Blades   | |  0.9
Stealth        | |  3.5
Spellcasting   | |  2.6
Necromancy     | |  4.8

Action                   |  1- 3 |  4- 6 || total
-------------------------+-------+-------++-------
Melee: Unarmed           |     4 |       ||     4
       Dagger            |    13 |       ||    13
       Bite              |     3 |       ||     3
       Hand axe          |    24 |     2 ||    26
 Cast: Pain              |    44 |    12 ||    56
       Animate Skeleton  |     2 |       ||     2
 Abil: Exsanguinate      |     1 |       ||     1
 Stab: Sleeping          |     5 |       ||     5
Armor: Robe              |     9 |     1 ||    10
Dodge: Dodged            |    27 |    14 ||    41

Table legend: (Time is in decaauts)
 A = Elapsed time spent in this place.
 B = Non-inter-level travel time spent in this place.
 C = Inter-level travel time spent in this place.
 D = Time resting spent in this place.
 E = Time spent auto-exploring this place.
 F = Levels seen in this place.
 G = Mean time per level.
                   A        B        C        D        E       F      G
               +--------+--------+--------+--------+--------+-----+--------+
         Total |   2701 |   2619 |     82 |      0 |   2195 |   4 |  675.2 |
       Dungeon |   2701 |   2619 |     82 |      0 |   2195 |   4 |  675.2 |
               +--------+--------+--------+--------+--------+-----+--------+

Top non-repeatable levels by time:
     D:1: 1025 daAuts
     D:3: 971 daAuts
     D:2: 645 daAuts
     D:4: 59 daAuts
